 Dungeon Crawl Stone Soup version 0.28-a0-1387-g3a22ab9bdc (webtiles) character file.

Game seed: 14574739250445600044

106 KyoPewz the Conjurer (level 4, 0/33 HPs)
             Began as a Draconian Conjurer on Jan 2, 2022.
             Slain by a hobgoblin (11 damage)
             ... on level 3 of the Dungeon.
             The game lasted 00:07:01 (2982 turns).

KyoPewz the Conjurer (Draconian Conjurer)           Turns: 2982, Time: 00:07:02

Health: 0/33       AC:  5    Str:  9    XL:     4   Next: 55%
Magic:  1/8        EV: 12    Int: 20    God:
Gold:   86         SH:  0    Dex: 10    Spells: 3/9 levels left

rFire   . . .      SeeInvis .   n - +2 dagger (venom) {short}
rCold   . . .      Faith    .   (no shield)
rNeg    . . .      Spirit   .   (armour unavailable)
rPois   .          Reflect  .   (helmet restricted)
rElec   .          Harm     .   (no cloak)
rCorr   .          Rampage  .   (no gloves)
Will    .....                   (no boots)
Stlth   ++........              (no amulet)
HPRegen 0.11/turn               e - ring of wizardry
MPRegen 0.11/turn               (no ring)

@: no status effects
A: AC +5, unfitting armour, cold-blooded
a: no special abilities


You were on level 3 of the Dungeon.
You visited 1 branch of the dungeon, and saw 4 of its levels.

You collected 86 gold pieces.


Innate Abilities, Weirdness & Mutations

Your plain brown scales are hard. (AC +5)
You cannot fit into any form of body armour.
You are cold-blooded and may be slowed by cold attacks.


   Skills:
 - Level 1.7 Dodging
 - Level 1.7 Stealth
 + Level 3.2 Spellcasting
 + Level 4.9 Conjurations
 + Level 1.3 Hexes


You had 3 spell levels left.
You knew the following spells:

 Your Spells              Type           Power      Damage    Failure   Level
a - Magic Dart            Conj           88%        1d7       1%          1
b - Searing Ray           Conj           44%        2d6       1%          2
c - Dazzling Flash        Conj/Hex       30%        N/A       4%          3

Your spell library contained the following spells:

 Spells                   Type           Power      Damage    Failure   Level
 Passwall                 Tmut/Erth      2%         N/A       9%          2
 Swiftness                Air            3%         N/A       16%         3
 Fulminant Prism          Conj/Hex       7%         3d7       16%         4
 Iskenderun's Mystic Bla  Conj/Tloc      13%        2d5       21%         4

Inventory:

Hand Weapons
 n - a +2 dagger of venom (weapon) {short}
   (You took it off a goblin on level 2 of the Dungeon)
Missiles
 a - 69 stones {throwing}
 h - 26 poisoned darts {throwing}
 l - 3 boomerangs {throwing}
Armour
 b - an orb of light
   (You found it on level 1 of the Dungeon)
Magical Staves
 f - a staff of fire {!astaff}
   (You found it on level 1 of the Dungeon)
Jewellery
 e - a ring of wizardry (left hand)
   (You found it on level 1 of the Dungeon)
Scrolls
 c - 2 scrolls of enchant weapon {unknown}
 g - 2 scrolls of identify {unknown}
 m - 2 scrolls of teleportation {unknown}
 o - a scroll of silence {unknown}
 q - a scroll of fog {unknown}
 r - a scroll of amnesia {unknown}
Potions
 d - a potion of haste {unknown}
 i - a potion of cancellation {unknown}
 j - a potion of heal wounds {unknown}
 k - a potion of mutation {unknown}
 p - a potion of curing {unknown}

Dungeon Overview and Level Annotations

Branches:
Dungeon (4/15)
 Temple: D:4-7

Altars:
Elyvilon

...#.......#...............
#..#†......#.#.###..######.
#........... #.##
#..#.......# #.#
#..#........ #.#
...#........ #.#
.#######.##. ###.# .# ..#
#.g.# .# ... #@#.# ## ##
##'### # ### #...# # #$h
#...# # r!. ##...# #
og##....# ######## ###...##
.......# ###....#
######.####.....##


You could see a hobgoblin.


Message History

There is an open door here.
There is a stone staircase leading down here.
You can't go up here!
You climb downwards.
Found a stone staircase leading up.
There is a stone staircase leading up here.
Casting: Magic Dart (safe; 1% risk of failure)
Confirm with . or Enter, or press ? or * to list all spells.
You don't know that spell.
Casting: Magic Dart (safe; 1% risk of failure)
Confirm with . or Enter, or press ? or * to list all spells.
Okay, then.
Unknown command.
The magic dart hits the adder skeleton. 😎 MP[-1]
You lost 1 mp, and now have 7/8 mp.
The magic dart hits the adder skeleton.
The adder skeleton bites you but does no damage. 😎 MP[-1]
You lost 1 mp, and now have 6/8 mp.
The magic dart hits the adder skeleton.
The adder skeleton closely misses you. 😎 MP[-1]
You lost 1 mp, and now have 5/8 mp.
The magic dart hits the adder skeleton.
You destroy the adder skeleton! 😎 MP[-1]
You lost 1 mp, and now have 4/8 mp.
You climb upwards.
There is a stone staircase leading down here.
You start resting. 😎 MP[+4]
Your mp is fully restored (8).
There is an open door here.
You see here a +0 chain mail.
There is a stone staircase leading down here.
You can't go up here!
You climb downwards.
There is a stone staircase leading up here.
You climb upwards.
There is a stone staircase leading down here.
You see here an adder skeleton.
You open the door.
There is an open door here.
c - 2 scrolls labelled YTO DUMOCOZXO (gained 1)
You open the door.
There is an open door here.
A hobgoblin comes into view. It is wielding a +0 long sword.
The magic dart hits the hobgoblin but does no damage. 😎 MP[-1]
You lost 1 mp, and now have 7/8 mp.
The magic dart hits the hobgoblin but does no damage. 😎 MP[-1]
You lost 1 mp, and now have 6/8 mp.
The magic dart hits the hobgoblin. 😎 MP[-1]
You lost 1 mp, and now have 5/8 mp.
The magic dart hits the hobgoblin but does no damage. 😎 MP[-1]
You lost 1 mp, and now have 4/8 mp.
The magic dart hits the hobgoblin but does no damage.
The hobgoblin hits you with a +0 long sword! 😮 HP[-10] MP[-1]
You take 10 damage, and now have 23/33 hp.
MASSIVE DAMAGE!! (PAUSE)
You lost 1 mp, and now have 3/8 mp.
Casting: Magic Dart (safe; 1% risk of failure)
Confirm with . or Enter, or press ? or * to list all spells.
Okay, then.
Casting: Magic Dart (safe; 1% risk of failure)
Confirm with . or Enter, or press ? or * to list all spells.
You don't know that spell.
Casting: Magic Dart (safe; 1% risk of failure)
Confirm with . or Enter, or press ? or * to list all spells.
Aiming: Searing Ray (safe; 1% risk of failure)
Press: ? - help, Shift-Dir - straight line, f/p - hobgoblin
Aim: a hobgoblin, wielding a +0 long sword and wearing a +0 ring mail (heavily wounded, 81% to hit)
The searing ray hits the hobgoblin. (Press . to maintain the ray.)
The hobgoblin hits you with a +0 long sword. 😮 HP[-5] MP[-2]
You take 5 damage, and now have 18/33 hp.
You lost 2 mp, and now have 1/8 mp.
The searing ray hits the hobgoblin but does no damage.
The hobgoblin hits you but does no damage. 😮 MP[-1]
You lost 1 mp, and now have 0/8 mp.
Without enough magic to sustain it, your searing ray dissipates.
The hobgoblin hits you with a +0 long sword!
* * * LOW HITPOINT WARNING * * *
😨 HP[-8]
You take 8 damage, and now have 10/33 hp.
MASSIVE DAMAGE!! (PAUSE)
Casting: Searing Ray (safe; 1% risk of failure)
Confirm with . or Enter, or press ? or * to list all spells.
You don't know that spell.
The hobgoblin barely misses you. 😨 MP[+1] 😨 HP[+1]
The hobgoblin hits you with a +0 long sword!
You die...

Skill      XL: |  1  2  3 |
---------------+----------+-----
Spellcasting   | 3 |  3.2
Hexes          | 1 |  1.3
Dodging        | |  1.7
Stealth        | |  1.7
Conjurations   | |  4.9

Action                   |  1- 3 |  4- 6 || total
-------------------------+-------+-------++-------
Melee: Short sword       |    14 |     2 ||    16
       Tailslap          |     1 |       ||     1
       Dagger            |       |     3 ||     3
Throw: Stone             |     2 |       ||     2
 Cast: Magic Dart        |    76 |    39 ||   115
       Searing Ray       |       |     2 ||     2
Armor: Skin              |     2 |     3 ||     5
Dodge: Dodged            |    10 |     5 ||    15

Levels and vault maps discovered:
D:1:      dpeg_arrival_fog, layout_basic,
          hellmonk_ecumenical_altar_pennies_from_heaven, minmay_tetromino_t4
D:2:      layout_basic, serial_undead, serial_undead_c, serial_undead_d,
          serial_undead_e, serial_undead_a, basic_altar
D:3:      layout_rooms, grunt_ministairs_6, moated_statue,
          lightli_corner_chamber, uniq_crazy_yiuf_cottage
D:4:      nicolae_cairo_tiling_very_big, layout_loops_cross, uniq_natasha,
          uniq_ijyb, uniq_grinder, uniq_duvessa

Notes
Turn   | Place    | Note
-------+----------+-------------------------------------------
     0 | D:1      | KyoPewz the Draconian Conjurer began the quest for the Orb.
     0 | D:1      | Reached XP level 1. HP: 14/14 MP: 3/3
     0 | D:1      | magus.rc [v1.9.6]
   265 | D:1      | Reached XP level 2. HP: 20/20 MP: 1/5
   268 | D:1      | Learned a level 2 spell: Searing Ray
   412 | D:1      | You pick up a book of Burglary and begin reading...
   412 | D:1      | You add the spells Passwall and Swiftness to your library.
   717 | D:1      | Found a faded altar of an unknown god.
   995 | D:1      | Reached XP level 3. HP: 26/26 MP: 7/7
   999 | D:1      | Learned a level 3 spell: Dazzling Flash
  1428 | D:2      | Found a white marble altar of Elyvilon.
  1778 | D:2      | Reached skill level 3 in Spellcasting
  2005 | D:2      | Reached skill level 1 in Hexes
  2114 | D:2      | Reached XP level 4. HP: 33/33 MP: 6/8
  2944 | D:3      | Noticed a black bear
  2982 | D:3      | Slain by a hobgoblin

Vanquished Creatures
  A gnoll (D:1)
  4 adders
  An adder skeleton (D:4)
  A worm (D:2)
  4 dart slugs
  10 ball pythons
  A bat zombie (D:2)
  4 endoplasms
  5 goblins
  7 hobgoblins
  A ball python skeleton (D:2)
  A bat (D:2)
  A frilled lizard (D:2)
  A giant cockroach zombie (D:2)
  2 kobolds
  5 rats
49 creatures vanquished.

Vanquished Creatures (others)
  A withered plant (D:2)
1 creature vanquished.

Grand Total: 50 creatures vanquished

Table legend:
 A = Non-vault XP
 B = Vault XP
 C = Vault XP percentage of total XP
 D = Non-vault monster count
 E = Vault monster count
 F = Vault count percentage of total count
                 A         B        C        D         E       F
            +---------+---------+-------+---------+---------+-------
      Total |     144 |       8 |   5.3 |      43 |       6 |  12.2
            +---------+---------+-------+---------+---------+-------
        D:1 |      41 |       2 |   4.7 |      16 |       1 |   5.9
        D:2 |      78 |       4 |   4.9 |      22 |       3 |  12.0
        D:3 |      20 |       2 |   9.1 |       4 |       2 |  33.3
        D:4 |       5 |       0 |   0.0 |       1 |       0 |   0.0
            +---------+---------+-------+---------+---------+-------

Illustrated notes

Table legend:
 A = Kills in this place as a percentage of kills in entire the game.
 B = Kills by you in this place as a percentage of kills by you in the entire game.
 C = Kills by friends in this place as a percentage of kills by friends in the entire game.
 D = Other kills in this place as a percentage of other kills in the entire game.
 E = Experience gained in this place as a percentage of experience gained in the entire game.
 F = Experience gained in this place divided by the number of levels of this place that you have seen.
                   A       B       C       D       E      F
               +-------+-------+-------+-------+-------+----------------------
         Total | 100.0 | 100.0 |   N/A |   N/A | 100.0 |  38.0
       Dungeon | 100.0 | 100.0 |   N/A |   N/A | 100.0 |  38.0
               +-------+-------+-------+-------+-------+----------------------

Table legend: (Time is in decaauts)
 A = Elapsed time spent in this place.
 B = Non-inter-level travel time spent in this place.
 C = Inter-level travel time spent in this place.
 D = Time resting spent in this place.
 E = Time spent auto-exploring this place.
 F = Levels seen in this place.
 G = Mean time per level.
                   A        B        C        D        E       F      G
               +--------+--------+--------+--------+--------+-----+--------+
         Total |   2995 |   2817 |    178 |    438 |   1942 |   4 |  748.8 |
       Dungeon |   2995 |   2817 |    178 |    438 |   1942 |   4 |  748.8 |
               +--------+--------+--------+--------+--------+-----+--------+

Top non-repeatable levels by time:
     D:1: 1561 daAuts
     D:2: 1095 daAuts
     D:3: 327 daAuts
     D:4: 10 daAuts
